Map: Orbital Shipyard

Players

CarbonXI

  • Race: Protoss Protoss
  • League: Master

BettyWhite - Winner!

  • Race: Zerg Zerg
  • League: Master

VOD

Have the link to the VOD?

Description

Time

  • Played on: March 11, 2016, 5:42 p.m.
  • Length: 11:37
Show
View Real Time Build Order
Export as new Build Order

CarbonXI Protoss 

Build Orders: Mass Adepts 

Get SALT Encoding   

  12  0:01  Probe (Chrono Boost)  
  13  0:12  Probe (Chrono Boost)  
  14  0:19  Pylon  
  14  0:22  Probe (Chrono Boost)  
  15  0:37  Probe (Chrono Boost)  
  15  0:42  Gateway  
  16  0:47  Probe (Chrono Boost)  
  17  0:52  Assimilator  
  17  0:58  Probe (Chrono Boost)  
  18  1:06  Gateway  
  18  1:08  Probe (Chrono Boost)  
  19  1:19  Probe (Chrono Boost)  
  20  1:30  Cybernetics Core, Probe (Chrono Boost)  
  21  1:35  Pylon  
  21  1:40  Probe (Chrono Boost)  
  22  1:51  Probe (Chrono Boost)  
  23  2:01  Probe (Chrono Boost)  
  23  2:06  Adept x2, Warp Gate (Chrono Boost)  
  28  2:12  Probe (Chrono Boost)  
  29  2:23  Nexus  
  29  2:26  Probe (Chrono Boost)  
  30  2:35  Pylon  
  30  2:37  Assimilator  
  30  2:40  Probe (Chrono Boost)  
  31  2:51  Twilight Council  
  31  2:53  Probe (Chrono Boost)  
  32  3:03  Probe (Chrono Boost)  
  33  3:12  Gateway x2  
  33  3:14  Probe (Chrono Boost)  
  34  3:25  Mothership Core (Chrono Boost)  
  36  3:29  Pylon  
  36  3:32  Resonating Glaives  
  36  3:35  Probe (Chrono Boost)  
  37  3:43  Probe (Chrono Boost)  
  37  3:45  Probe (Chrono Boost)  
  39  3:51  Assimilator  
  39  3:54  Probe  
  39  3:55  Probe  
  40  4:02  Pylon  
  41  4:05  Probe  
  41  4:06  Probe  
  43  4:14  Adept  
  43  4:15  Adept x3  
  43  4:16  Probe  
  51  4:23  Pylon, Probe (Chrono Boost)  
  53  4:30  Probe (Chrono Boost)  
  54  4:35  Probe (Chrono Boost)  
  55  4:39  Adept x2  
  55  4:40  Adept x2  
  63  4:46  Probe x2 (Chrono Boost)  
  65  4:53  Assimilator  
  65  4:57  Probe x2 (Chrono Boost)  
  67  5:00  Adept x2  
  67  5:01  Adept  
  67  5:02  Adept  
  75  5:09  Probe x2 (Chrono Boost)  
  77  5:17  Dark Shrine  
  77  5:19  Pylon  
  77  5:20  Probe (Chrono Boost)  
  78  5:26  Pylon  
  78  5:37  Probe (Chrono Boost)  
  78  5:40  Probe (Chrono Boost)  
  80  5:47  Probe (Chrono Boost)  
  81  5:50  Stargate, Probe (Chrono Boost)  
  81  5:51  Stargate  
  82  5:58  Probe (Chrono Boost)  
  82  6:01  Probe (Chrono Boost)  
  84  6:04  Sentry  
  84  6:05  Sentry  
  84  6:07  Nexus  
  84  6:09  Pylon, Probe (Chrono Boost)  
  84  6:10  Pylon  
  90  6:11  Probe (Chrono Boost)  
  90  6:13  Pylon  
  90  6:16  Pylon  
  90  6:23  Probe (Chrono Boost)  
  90  6:24  Probe (Chrono Boost)  
  92  6:28  Assimilator  
  92  6:33  Assimilator, Probe (Chrono Boost)  
  92  6:35  Oracle (Chrono Boost)  
  92  6:36  Oracle (Chrono Boost)  
  99  6:40  Pylon, Probe  
  99  6:41  Pylon  
  99  6:44  Forge  
  100  6:49  Probe  
  101  6:56  Probe  
  101  7:01  Probe  
  103  7:07  Adept  
  103  7:08  Adept x3, Probe  
  101  7:31  Phoenix x2 (Chrono Boost)  
  101  7:33  Adept x4  
  105  7:46  Probe  
  106  7:52  Protoss Ground Weapons Level 1, Gateway  
  106  7:53  Oracle x2 (Chrono Boost), Gateway  
  106  7:55  Stalker x2, Gateway  
  106  7:58  Gateway  
  116  8:00  Gateway  
  116  8:03  Dark Templar  
  116  8:04  Dark Templar  
  104  8:14  Probe x2  
  102  8:22  Probe  
  102  8:24  Phoenix (Chrono Boost)  
  105  8:29  Phoenix (Chrono Boost)  
  105  8:32  Probe  
  108  8:35  Zealot x2  
  108  8:36  Zealot x2  
  108  8:38  Probe  
  108  8:39  Probe  
  118  8:44  Probe  
  118  8:46  Phoenix (Chrono Boost)  
  118  8:52  Probe  
  118  8:53  Probe  
  120  8:59  Probe  
  120  9:00  Phoenix (Chrono Boost)  
  120  9:01  Charge  
  120  9:08  Robotics Facility, Phoenix (Chrono Boost)  
  120  9:09  Robotics Facility  
  122  9:21  Phoenix (Chrono Boost)  
  124  9:27  Probe  
  125  9:35  Zealot x4, Pylon  
  125  9:37  Pylon, Nexus  
  133  9:40  Pylon x2  
  133  9:41  Pylon  
  132  9:55  Zealot  
  132  9:56  Zealot x6  
  132  9:57  Zealot  
  132  9:58  Zealot  
  150  10:20  Probe  
  151  10:24  Immortal (Chrono Boost)  
  151  10:25  Immortal (Chrono Boost)  
  159  10:29  Nexus  
  153  10:41  Zealot x6  
  165  10:56  Pylon  
  165  10:57  Pylon  
  165  10:58  Templar Archives  
  165  11:00  Pylon  
  165  11:02  Pylon  
  143  11:23  Dark Templar x6  
  143  11:24  Dark Templar x3  
Show
View Real Time Build Order
Export as new Build Order

BettyWhite Zerg - Winner!

Build Orders: Hatch First 

Get SALT Encoding   

  12  0:01  Drone  
  13  0:12  Overlord  
  13  0:18  Drone  
  14  0:30  Drone x2  
  14  0:34  Drone  
  17  0:55  Hatchery  
  16  0:59  Drone  
  17  1:13  Spawning Pool  
  17  1:15  Drone  
  17  1:20  Extractor  
  17  1:22  Drone  
  17  1:25  Drone  
  18  1:29  Drone  
  19  1:38  Overlord  
  19  1:49  Drone  
  20  2:02  Queen  
  20  2:07  Zergling x2, Queen  
  20  2:08  Zergling x2  
  26  2:11  Drone  
  27  2:20  Zergling x2  
  27  2:21  Metabolic Boost  
  28  2:25  Drone  
  28  2:29  Drone  
  30  2:34  Drone  
  31  2:39  Drone  
  31  2:43  Drone  
  33  2:50  Zergling x2  
  34  2:56  Drone  
  35  3:00  Drone  
  35  3:01  Hatchery  
  35  3:08  Zergling x2  
  36  3:13  Overlord  
  36  3:18  Extractor, Drone  
  36  3:20  Extractor, Drone  
  38  3:28  Overlord  
  38  3:30  Queen  
  38  3:32  Drone x4  
  44  3:38  Overlord  
  44  3:41  Spore Crawler  
  43  3:43  Drone, Spore Crawler  
  43  3:45  Drone  
  43  3:46  Drone  
  43  3:47  Drone  
  46  3:50  Drone  
  46  3:55  Drone x2  
  49  4:01  Roach Warren  
  48  4:05  Extractor x2, Drone x2  
  48  4:07  Drone  
  48  4:09  Overlord  
  48  4:20  Overlord  
  48  4:21  Overlord  
  48  4:28  Lair  
  48  4:29  Evolution Chamber  
  47  4:41  Roach  
  47  4:42  Roach x4  
  57  4:47  Roach  
  59  4:53  Roach  
  59  4:54  Roach  
  59  4:58  Roach, Overlord  
  59  4:59  Overlord  
  65  5:06  Roach  
  71  5:07  Roach x2  
  71  5:09  Drone x3  
  76  5:14  Roach  
  76  5:16  Drone x2  
  76  5:18  Extractor  
  76  5:20  Roach  
  79  5:28  Roach x3  
  85  5:39  Roach  
  85  5:40  Roach x3, Overlord  
  93  5:45  Overlord  
  93  5:48  Glial Reconstitution  
  89  5:51  Drone  
  89  5:52  Drone  
  89  5:53  Drone  
  89  5:55  Roach  
  94  6:01  Drone  
  94  6:02  Drone x3  
  98  6:07  Zerg Missile Weapons Level 1  
  98  6:09  Drone x2  
  100  6:11  Queen  
  100  6:14  Drone  
  100  6:15  Overseer  
  103  6:21  Drone  
  103  6:22  Drone x3  
  103  6:25  Drone  
  108  6:28  Drone  
  108  6:29  Drone  
  108  6:32  Evolution Chamber  
  109  6:36  Overlord  
  109  6:42  Drone x5  
  109  6:44  Hydralisk Den  
  109  6:45  Extractor x2, Drone  
  112  6:49  Roach  
  114  6:55  Drone x2  
  114  6:57  Zerg Ground Armor Level 1  
  116  7:17  Hydralisk  
  116  7:18  Hydralisk x2  
  116  7:19  Hydralisk  
  116  7:20  Hatchery  
  119  7:23  Hydralisk  
  117  7:31  Hydralisk x2  
  117  7:32  Hydralisk  
  117  7:34  Roach  
  121  7:40  Muscular Augments  
  121  7:41  Drone  
  122  7:46  Overlord x2  
  122  7:47  Overlord x3  
  122  8:01  Hydralisk  
  122  8:03  Overlord  
  122  8:04  Overlord x7  
  122  8:05  Overlord  
  120  8:11  Drone x5  
  111  8:14  Hydralisk  
  111  8:18  Hydralisk  
  101  8:20  Zerg Missile Weapons Level 2  
  101  8:23  Roach  
  101  8:26  Hydralisk  
  103  8:29  Roach  
  103  8:34  Roach  
  109  8:35  Roach  
  109  8:36  Roach, Queen  
  109  8:39  Spore Crawler  
  109  8:40  Roach  
  116  8:45  Hydralisk x3  
  116  8:47  Spore Crawler  
  115  8:48  Hydralisk  
  115  8:49  Hydralisk  
  115  8:50  Roach  
  117  8:55  Hydralisk  
  117  8:56  Hydralisk  
  117  8:58  Drone x2  
  117  9:00  Roach  
  117  9:01  Roach  
  127  9:04  Drone x3  
  127  9:05  Drone  
  127  9:07  Roach  
  133  9:13  Roach x4  
  133  9:16  Roach  
  143  9:17  Roach  
  143  9:27  Roach x3  
  143  9:30  Drone  
  150  9:34  Roach x2  
  150  9:36  Roach x3  
  150  9:38  Overlord  
  160  9:42  Roach  
  162  9:46  Infestation Pit  
  162  9:48  Roach  
  162  9:49  Roach x2  
  162  9:52  Overseer x2  
  167  9:54  Overseer x2  
  167  10:01  Pneumatized Carapace  
  167  10:02  Roach x6  
  167  10:03  Roach  
  167  10:05  Drone x2  
  184  10:07  Drone  
  184  10:20  Roach  
  186  10:27  Hydralisk x2  
  188  10:33  Hydralisk x6  
  200  10:45  Spine Crawler  
  200  10:46  Spine Crawler x2  
  200  10:48  Roach  
  200  10:49  Roach  
  199  11:15  Hatchery  
  199  11:17  Roach  
Tags
 
Add a new tag
Caveats
  • Supply blocks, unpowered buildings, or Contaminate may cause inaccurate times.
  • Supply counts are checked every 10 seconds.